 Dungeon Crawl Stone Soup version 0.27-a0-909-g0721f309d1 (webtiles) character file.

Game seed: 11840985582453803347

2832 HELP the Covert (level 9, -5/58 HPs)
             Began as an Octopode Venom Mage on Apr 8, 2021.
             Was an Initiate of Ashenzari.
             Slain by a warg (6 damage)
             ... on level 8 of the Dungeon.
             The game lasted 00:55:12 (10827 turns).

HELP the Covert (Octopode Venom Mage)              Turns: 10827, Time: 00:55:12

Health: -5/58      AC:  1    Str:  7    XL:     9   Next: 73%
Magic:  4/18       EV: 13    Int: 21    God:    Ashenzari [......]
Gold:   381        SH:  0    Dex: 12    Spells: 4/20 levels left

rFire    . . .     SeeInvis .   v - +8 dagger of Fimbulwinter {elec, rPois}
rCold    . . .     Faith    .   (no shield)
rNeg     . . .     Spirit   .   (helmet restricted)
rPois    +         Reflect  .   p - amulet of the acrobat
rElec    .         Harm     .   (no ring)
rCorr    .         Rampage  .   (no ring)
Will     .....                  (no ring)
Stlth    +++++.....             (no ring)
HPRegen  0.19/turn              (no ring)
MPRegen  0.16/turn              (no ring)
                                (no ring)
                                (no ring)

@: no status effects
A: almost no armour, amphibious, 8 rings, camouflage 1, gelatinous body 1,
(nimble swimmer 1), tentacles
a: Renounce Religion


You were on level 8 of the Dungeon.
You worshipped Ashenzari.
Ashenzari was noncommittal.
You visited 2 branches of the dungeon, and saw 9 of its levels.

You collected 381 gold pieces.

Inventory:

Hand Weapons
 j - a +0 hunting sling
 k - the +5 hand axe "Jalien" {vorpal, *Noise +Blink rF- Will+++}
   (You found it on level 7 of the Dungeon)

   It inflicts extra damage upon your enemies.
   It makes you vulnerable to fire.
   It lets you blink.
   It may make noises in combat.
   It greatly increases your willpower.
 l - a +1 whip of flaming
 s - a +2 vorpal hand axe
 v - the +8 dagger of Fimbulwinter (weapon) {elec, rPois}
   (You found it on level 4 of the Dungeon)

   Occasionally, upon striking a foe, it can discharge electrical energy and
   cause terrible harm.
   It protects you from poison.
 x - a +3 whip of electrocution
Missiles
 a - 116 stones (quivered)
 c - 103 arrows
 e - 7 boomerangs
 n - 20 poisoned darts
 u - 2 throwing nets
Jewellery
 p - an amulet of the acrobat (around mantle)
Wands
 h - a wand of flame (17)
 t - a wand of polymorph (11)
 y - a wand of paralysis (3)
Scrolls
 b - 7 scrolls of teleportation
 f - 2 scrolls of immolation
 i - a scroll of enchant weapon
 m - a scroll of enchant armour
Potions
 g - 2 potions of haste
 o - a potion of attraction
 q - 2 potions of resistance
 r - 2 potions of magic
 w - a potion of curing


   Skills:
 + Level 3.8 Fighting
 - Level 2.0 Dodging
 + Level 8.3 Stealth
 + Level 6.0 Spellcasting
 - Level 3.0 Conjurations
 * Level 3.1 Hexes
 - Level 3.0 Transmutations
 - Level 3.0 Fire Magic
 - Level 3.0 Air Magic
 + Level 7.7 Poison Magic


You had 4 spell levels left.
You knew the following spells:

 Your Spells              Type           Power      Damage    Failure   Level
a - Sting                 Tmut/Pois      100%       1d8       1%          1
b - Olgreb's Toxic Radia  Pois           38%        N/A       4%          4
c - Confusing Touch       Hex            19%        N/A       8%          3
s - Mephitic Cloud        Conj/Pois/Air  25%        N/A       4%          3
x - Ignite Poison         Fire/Tmut/Pois 25%        N/A       4%          3
z - Poisonous Vapours     Pois/Air       56%        N/A       1%          2

Your spell library contained the following spells:

 Spells                   Type           Power      Damage    Failure   Level
 Gell's Gravitas          Tloc           3%         N/A       28%         3
 Petrify                  Tmut/Erth      12%        N/A       45%         4
 Yara's Violent Unravell  Hex/Tmut       9%         3d6       58%         5
 Metabolic Englaciation   Hex/Ice        6%         N/A       80%         5


Dungeon Overview and Level Annotations

Branches:
Dungeon (8/15)             Temple (1/1) D:5
   Lair: D:8-11

Altars:
Ashenzari
Dithmenos
Elyvilon
Fedhas
Gozag
Hepliaklqana
Kikubaaqudgha
Makhleb
Nemelex Xobeh
Okawaru
Sif Muna
Trog
Uskayaw
Wu Jian
Xom
Yredelemnul
Zin
The Shining One
Beogh

Shops:
D:2 (

Annotations:
D:3 exclusion: door
D:7 1 runed translucent door


Innate Abilities, Weirdness & Mutations

You cannot wear most types of armour.
You are amphibious.
You can wear up to eight rings at the same time.
Your skin changes colour to match your surroundings (Stealth+).
Your rubbery body absorbs attacks. (AC +1, EV +1)
((You are camouflaged near water. (Stealth+)))
You have tentacles for arms and can constrict up to eight enemies at once.


Message History

* * * LOW HITPOINT WARNING * * *
Casting: Mephitic Cloud (dangerous; 4% risk of failure)
Confirm with . or Enter, or press ? or * to list all spells.
You ignite the poison in your surroundings!
The water moccasin is engulfed in blazing flames.
The water moccasin bites you.
* * * LOW HITPOINT WARNING * * *
You completely miss the water moccasin. You grab the water moccasin.
The water moccasin is moderately wounded.
You constrict the water moccasin, but do no damage.
The water moccasin is engulfed in blazing flames.
The water moccasin barely misses you.
The water moccasin is engulfed in blazing flames.
You kill the water moccasin!
Your Hexes skill increases to level 3!
Casting: Ignite Poison (dangerous; 4% risk of failure)
Confirm with . or Enter, or press ? or * to list all spells.
Aiming: Poisonous Vapours (safe; 1% risk of failure)
Press: ? - help, Dir - move target, f/p - warg
Aim: a warg The warg cannot be affected by poisonous vapours!
A warg is nearby!
Casting: Poisonous Vapours (safe; 1% risk of failure)
Confirm with . or Enter, or press ? or * to list all spells.
Aiming: Mephitic Cloud (dangerous; 4% risk of failure)
Press: ? - help, Shift-Dir - straight line, p - warg The ball explodes into a vile cloud!
The stinking cloud engulfs the warg but does no damage.
Casting: Mephitic Cloud (dangerous; 4% risk of failure)
Confirm with . or Enter, or press ? or * to list all spells.
You ignite the poison in your surroundings!
The warg is engulfed in blazing flames. x2
You hit the warg. You squeeze the warg.
The warg is almost dead.
The warg bites you!
* * * LOW HITPOINT WARNING * * *
You barely miss the warg.
The warg is almost dead.
The warg bites you.
You die...

# .# #.+########+.#
#.....@h☼☼☼..#
#.###..###o###
.###.###.###
......[)...#######
..................
..............####
........)<....###
...................
....).#.......####


You could see a warg and an orc warrior.

Vanquished Creatures
  Pikel (D:5)
  A wyvern (D:7)
  2 water moccasins
  3 orc warriors
  A black bear (D:6)
  An ogre (D:6)
  2 ice beasts (D:7)
  A sky beast (D:6)
  A bullfrog (D:6)
  2 gnoll sergeants
  A water moccasin zombie (D:5)
  2 scorpions
  2 howler monkeys
  2 centaur zombies
  2 hounds
  2 jellies
  3 orc priests
  Ijyb (D:5)
  An orc wizard (D:3)
  2 iguanas
  A scorpion zombie (D:5)
  A hound skeleton (D:4)
  A howler monkey zombie (D:7)
  11 gnolls
  3 river rats (D:5)
  10 adders
  2 shadow imps
  3 white imps (D:7)
  2 ufetubi
  3 worms
  3 dart slugs
  26 orcs
  7 endoplasms
  13 giant cockroaches
  13 goblins
  7 hobgoblins
  7 quokkas
  5 ball pythons
  12 bats
  4 frilled lizards
  9 kobolds
  9 rats
  A spectral orc (D:6)
186 creatures vanquished.

Notes
Turn   | Place    | Note
-------+----------+-------------------------------------------
     0 | D:1      | HELP the Octopode Venom Mage began the quest for the Orb.
     0 | D:1      | Reached XP level 1. HP: 11/11 MP: 3/3
   333 | D:1      | Reached skill level 3 in Stealth
   333 | D:1      | Reached XP level 2. HP: 13/18 MP: 0/5
   608 | D:1      | Learned a level 2 spell: Poisonous Vapours
   980 | D:1      | Reached XP level 3. HP: 22/22 MP: 3/6
   984 | D:1      | Learned a level 3 spell: Mephitic Cloud
  1662 | D:2      | Reached skill level 1 in Conjurations
  1838 | D:2      | Reached XP level 4. HP: 27/27 MP: 2/7
  1923 | D:2      | Found Qaxt's Antique Weapon Emporium.
  2013 | D:2      | Reached skill level 1 in Air Magic
  2727 | D:3      | Reached skill level 1 in Fire Magic
  2727 | D:3      | Reached XP level 5. HP: 32/32 MP: 1/8
  3383 | D:3      | Reached skill level 4 in Stealth
  3921 | D:3      | Reached XP level 6. HP: 37/37 MP: 0/9
  4001 | D:3      | Learned a level 3 spell: Ignite Poison
  4578 | D:5      | Entered Level 5 of the Dungeon
  4583 | D:4      | Found a hide-covered altar of Uskayaw.
  4630 | D:4      | Reached skill level 5 in Poison Magic
  5144 | D:5      | Noticed Ijyb
  5147 | D:5      | Killed Ijyb
  5470 | D:5      | Reached XP level 7. HP: 42/42 MP: 5/10
  5558 | D:5      | Found a shimmering blue altar of Sif Muna.
  5610 | D:5      | Found a staircase to the Ecumenical Temple.
  5619 | Temple   | Entered the Ecumenical Temple
  5867 | D:5      | Found a burning altar of Makhleb.
  5877 | D:5      | Noticed Pikel
  5895 | D:5      | Killed Pikel
  5896 | D:5      | Reached skill level 5 in Stealth
  5896 | D:5      | Reached XP level 8. HP: 16/47 MP: 1/14
  6657 | D:5      | Reached skill level 6 in Stealth
  6914 | D:4      | Found a blossoming altar of Fedhas.
  7130 | D:4      | Identified the +8 dagger of Fimbulwinter {elec, rPois}
  7760 | D:6      | Found a shadowy altar of Dithmenos.
  7761 | D:6      | Reached skill level 1 in Fighting
  7978 | D:6      | Reached skill level 5 in Spellcasting
  8324 | D:6      | Learned a level 4 spell: Olgreb's Toxic Radiance
  8328 | D:6      | Learned a level 3 spell: Confusing Touch
  8357 | D:6      | Reached skill level 7 in Stealth
  8357 | D:6      | Reached XP level 9. HP: 54/55 MP: 2/17
  9208 | D:6      | Found a basalt altar of Yredelemnul.
  9427 | Temple   | Became a worshipper of Ashenzari the Shackled
  9488 | D:7      | Identified the +1 pair of boots "Huix Ryn" {rF+ Will-
                  | Int+5}
  9714 | D:7      | Reached skill level 1 in Hexes
 10178 | D:7      | Found an opulent altar of Gozag.
 10336 | D:7      | Reached skill level 8 in Stealth
 10348 | D:7      | Noticed a sixfirhy
 10361 | D:7      | Found a runed translucent door.
 10527 | D:7      | Identified the +5 hand axe "Jalien" {vorpal, *Noise +Blink
                  | rF- Will+++}
 10540 | D:7      | Found a glowing silver altar of Zin.
 10812 | D:8      | HP: 2/58 [warg (12)]
 10826 | D:8      | HP: 1/58 [warg (12)]
 10827 | D:8      | Slain by a warg

Illustrated notes

Levels and vault maps discovered:
D:1:      lightli_arrival_noodles, layout_rooms, kennysheep_small_spiral
D:2:      layout_rooms, serial_shops, nicolae_shop_stone, nrook_loot_triangle
D:3:      minmay_razor_zed, layout_loops_ring, glass_columns_b,
          hangedman_decor_diamond_cutter, kennysheep_orc_chapel
D:4:      layout_loops_corners, lemuel_tele_altar, nicolae_uskayaw_suspiria,
          serial_bayou_pond_c
D:5:      layout_gridville, nicolae_overflow_crystal_walls,
          lemuel_coloured_pillars_altar, minmay_temple_entry_glass,
          lightli_sewer_entry_pipes, uniq_pikel, uniq_ijyb
D:6:      layout_cave_pools, grunt_dithmenos_smoke_and_mirrors,
          yredelemnul_forgotten_temple_becter
D:7:      cheibrodos_shockbox, layout_rooms, zin_treasury,
          nicolae_gozag_seed_capital
D:8:      layout_loops_ring, old_standard_altar, erik_lair_orcish_takeover,
          st_stairs_7, minivault_11, uniq_psyche
Temple:   cyrus_temple_forest

Skill      XL: |  1  2  3  4  5  6  7  8  9 |
---------------+----------------------------+-----
Stealth        | 3 4 5 7 8 |  8.3
Poison Magic   | 4 5 6 7 |  7.7
Conjurations   | 1 2 3 |  3.0
Air Magic      | 1 2 3 |  3.0
Fire Magic     | 1 2 3 |  3.0
Transmutations | 2 3 |  3.0
Spellcasting   | 4 5 6 |  6.0
Fighting       | 2 3 |  3.8
Hexes          | 3 |  3.1
Dodging        | |  2.0

Action                   |  1- 3 |  4- 6 |  7- 9 || total
-------------------------+-------+-------+-------++-------
Melee: Unarmed           |    21 |       |       ||    21
       Tentacles         |     5 |     9 |    22 ||    36
       Constrict         |     8 |     7 |    25 ||    40
       Dagger            |    11 |    67 |    97 ||   175
       Hand axe          |       |       |     6 ||     6
       Whip              |       |       |    25 ||    25
Throw: Stone             |     9 |     1 |       ||    10
 Cast: Sting             |    11 |    11 |    10 ||    32
       Poisonous Vapours |    21 |    69 |    84 ||   174
       Ignite Poison     |       |       |     8 ||     8
       Mephitic Cloud    |       |       |    11 ||    11
       Olgreb's Toxic Ra |       |       |     1 ||     1
       Confusing Touch   |       |       |     1 ||     1
  Use: Scroll            |       |     6 |       ||     6
       Potion            |       |       |     1 ||     1
 Stab: Sleeping          |     2 |    15 |     9 ||    26
Armor: Skin              |     9 |     7 |     6 ||    22
Dodge: Dodged            |    26 |    58 |    96 ||   180

Table legend: (Time is in decaauts)
 A = Elapsed time spent in this place.
 B = Non-inter-level travel time spent in this place.
 C = Inter-level travel time spent in this place.
 D = Time resting spent in this place.
 E = Time spent auto-exploring this place.
 F = Levels seen in this place.
 G = Mean time per level.
                   A        B        C        D        E       F      G
               +--------+--------+--------+--------+--------+-----+--------+
         Total |  10840 |  10383 |    457 |   3939 |   4104 |   9 | 1204.4 |
       Dungeon |  10709 |  10320 |    389 |   3939 |   4050 |   8 | 1338.6 |
        Temple |    130 |     63 |     67 |      0 |     54 |   1 |  130.0 |
               +--------+--------+--------+--------+--------+-----+--------+

Top non-repeatable levels by time:
     D:5: 2095 daAuts
     D:3: 1978 daAuts
     D:4: 1464 daAuts
     D:1: 1455 daAuts
     D:6: 1406 daAuts
     D:2: 1141 daAuts
     D:7: 1046 daAuts
  Temple: 130 daAuts
     D:8: 122 daAuts
